 Dungeon Crawl Stone Soup version 0.19-a0-981-gaae9137 (webtiles) character file.

179 ololoev the Sneak (level 5, -5/42 HPs)
             Began as a Deep Dwarf Enchanter on July 14, 2016.
             Was a Follower of Elyvilon.
             Killed from afar by an orc wizard (9 damage)
             ... with a magic dart
             ... on level 3 of the Dungeon.
             The game lasted 00:11:30 (3359 turns).

ololoev the Sneak (Deep Dwarf Enchanter)            Turns: 3359, Time: 00:11:31

Health: -5/42      AC:  3    Str: 12    XL:     5   Next: 32%
Magic:  0/8        EV: 12    Int: 16    God:    Elyvilon [*.....]
Gold:   173        SH:  0    Dex: 13    Spells: 4 memorised, 0 levels left

rFire  . . .     SeeInvis .     a - +1 dagger
rCold  + . .     Gourm    .     b - +1 robe
rNeg   . . .     Faith    .     (no shield)
rPois  .         Spirit   .     (no helmet)
rElec  .         Dismiss  .     (no cloak)
rCorr  .         Reflect  .     (no gloves)
SustAt .         Harm     .     (no boots)
MR     +....                    (no amulet)
Stlth  +++.......               q - ring of protection from cold
                                u - ring of protection from magic

@: non-regenerating, somewhat resistant to hostile enchantments, fairly stealthy
A: damage resistance, recharge devices, sense surroundings 1, slow regeneration
3
a: Device Recharging, Lesser Healing, Divine Protection, Renounce Religion


Innate Abilities, Weirdness & Mutations

You are resistant to damage.
You can recharge devices by infusing magical energy.
You passively map a small area around you.
You do not regenerate naturally.

Inventory:

Hand Weapons
 a - a +1 dagger (weapon)
Missiles
 t - a throwing net (quivered)
Armour
 b - a +1 robe (worn)
Jewellery
 p - an uncursed ring of protection from fire
 q - a ring of protection from cold (right hand)
 u - a ring of protection from magic (left hand)
Wands
 d - a wand of heal wounds (5/9)
Scrolls
 h - 3 scrolls of identify {unknown}
 i - a scroll of amnesia {unknown}
 j - a scroll of enchant armour {unknown}
 k - 2 scrolls of enchant weapon {unknown}
 l - a scroll of fog {unknown}
 o - a scroll of random uselessness {unknown}
Potions
 e - 2 potions of lignification {unknown}
 g - a potion of brilliance {unknown}
 n - a potion of flight {unknown}
 r - a potion of mutation {unknown}
Books
 c - a book of Maledictions

   Spells                             Type                      Level
   a - Corona                         Hexes                        1
   b - Ensorcelled Hibernation        Hexes/Ice                    2
   c - Confuse                        Hexes                        3
   d - Tukima's Dance                 Hexes                        3
   e - Dazzling Spray                 Conjuration/Hexes            3
Comestibles
 f - 2 bread rations
 m - a slice of pizza


   Skills:
 - Level 0.8 Short Blades
 - Level 2.1 Dodging
 + Level 4.3 Stealth
 + Level 2.9 Spellcasting
 * Level 3.7 Hexes
 + Level 2.3 Invocations


You couldn't memorise any spells.
You knew the following spells:

 Your Spells              Type           Power        Failure   Level  Hunger
a - Corona                Hex            ##.....      4%          1    #......
b - Ensorcelled Hibernat  Hex/Ice        #.....       14%         2    ##.....
c - Confuse               Hex            ##......     12%         3    ###....
d - Tukima's Dance        Hex            ##......     12%         3    ###....


You were on level 3 of the Dungeon.
You worshipped Elyvilon.
Elyvilon was aware of your devotion.
You were very hungry.

You visited 1 branch of the dungeon, and saw 3 of its levels.

You collected 173 gold pieces.

.#
#.)...###.#############
.# #.....#.....# .#
#.....#.#.#.# .#
#.#.#.#.#.#.# .#
#.#.#.#.#.#.# .#
#.#.#.#.#.#(#
.#####.#.#.#.#.((#
.......#.#.#.##.(#######
.#######.#.#.##{@.......
......
,.#,#.##o#######.*
.##### #.##.# ...... ,
#.##.# *
>..............)....
############....).o.
....# #......o. ....#
#........ ....#
#........

Notes
Turn   | Place    | Note
-------+----------+-------------------------------------------
     0 | D:1      | ololoev the Deep Dwarf Enchanter began the quest for the Orb.
     0 | D:1      | Reached XP level 1. HP: 15/15 MP: 3/3
   362 | D:1      | Reached XP level 2. HP: 19/22 MP: 1/5
   366 | D:1      | Learned a level 2 spell: Ensorcelled Hibernation
   963 | D:2      | Found a glowing golden altar of the Shining One.
   964 | D:2      | Found a glowing silver altar of Zin.
   969 | D:2      | Found a white marble altar of Elyvilon.
   973 | D:2      | Became a worshipper of Elyvilon the Healer
  1053 | D:1      | ololoev: эли тупая шняга не могла раньше о дрейнинге предупредить
  1169 | D:2      | Reached XP level 3. HP: 15/28 MP: 1/6
  1174 | D:2      | Learned a level 3 spell: Confuse
  1377 | D:2      | Found a sacrificial altar of Ru.
  1410 | D:2      | Found a bloodstained altar of Trog.
  1616 | D:2      | Reached skill level 1 in Invocations
  1664 | D:2      | Found an iron altar of Okawaru.
  2222 | D:2      | Reached XP level 4. HP: 22/36 MP: 1/7
  2586 | D:2      | Reached skill level 4 in Stealth
  2770 | D:3      | Reached * piety under Elyvilon
  3221 | D:3      | Reached XP level 5. HP: 31/42 MP: 4/9
  3300 | D:3      | Learned a level 3 spell: Tukima's Dance
  3359 | D:3      | Killed from afar by an orc wizard

Dungeon Overview and Level Annotations

Branches:
Dungeon (3/15)

Altars:
Elyvilon
Okawaru
Ru
Trog
Zin
The Shining One


Message History

Something hits you. Something hits your dagger.
Your dagger falls from the air.
You miss something. Something hits you.
The orc priest looks braver for a moment.
You miss something. You barely miss the orc priest.
The orc priest is moderately wounded.
Something hits you but does no damage. The orc priest hits you with a club!
Casting: Ensorcelled Hibernation
Confirm with . or Enter, or press ? or * to list all spells.
Aiming: Corona
Press: ? - help, Shift-Dir - straight line, f - orc priest
Aim: an orc priest, wielding a club (moderately wounded, chance to defeat MR: 50%)
The orc priest is outlined in light.
Something hits you but does no damage.
You hit the orc priest.
The orc priest is heavily wounded.
The orc priest calls upon Beogh to heal the orc.
The orc's wounds heal themselves!
Something hits you but does no damage.
You hit the orc priest.
The orc priest is heavily wounded.
The orc priest misses you. Something hits you.
You barely miss the orc priest.
The orc priest is heavily wounded.
The orc priest hits you but does no damage.
Something hits you but does no damage.
You hit the orc priest.
The orc priest is severely wounded.
The orc priest barely misses you.
You hear some strange, mumbled words.
Something tries to affect you, but you resist.
You hit the orc priest.
The orc priest is almost dead.
The orc priest stops glowing.
The orc priest barely misses you. Something hits you.
You hit the orc priest.
The orc priest is almost dead.
The orc priest closely misses you.
Evoke which item? (* to show all) (? for menu, Esc to quit)
Zapping:
d - a wand of heal wounds (1/9)
Press: ? - help, Shift-Dir - straight line, f - you, p - orc priest You feel much better.
This wand has 0 charges left.
Something barely misses you.
The orc priest mumbles some strange prayers to Beogh against you.
Beogh smites you!
You barely miss the orc priest.
The orc priest is almost dead.
Something hits you.
The orc priest miscasts a cantrip.
You hit the orc priest.
You kill the orc priest!
Something hits you but does no damage.
You closely miss something. Something hits you.
You barely miss something. The orc hits you with a hand axe.
Something hits you.
You hit something. The orc misses you. Something hits you but does no damage.
You miss something. Something hits you. The orc hits you but does no damage.
You miss something.
You hear some strange, mumbled words.
A puff of flame appears from out of thin air!
The puff of flame hits you! The orc closely misses you.
You hit something but do no damage. Something hits you.
The orc closely misses you.
You hit something. Something barely misses you. The orc barely misses you.
You hit something but do no damage.
You hear some strange, mumbled words.
A puff of flame appears from out of thin air!
The puff of flame hits you!
You hit something but do no damage. The orc hits you with a hand axe.
Something barely misses you.
Use which ability? (? or * to list)
You are healed.
You feel somewhat more hungry. The orc hits you with a hand axe!
Something hits you.
Use which ability? (? or * to list) Charge which item? (? for menu, Esc to quit)
Your wand of heal wounds (0/9) glows for a moment and now has 5 charges.
The orc barely misses you.
You hear some strange, mumbled words.
A magic dart appears from out of thin air!
The magic dart hits you!
You die...

You could see an orc.

Vanquished Creatures
  An orc priest (D:3)
  An orc wizard (D:3)
  6 gnolls
  An adder (D:2)
  3 giant geckos
  An orc (D:3)
  8 bats
  2 giant cockroaches
  6 goblins
  6 hobgoblins
  9 kobolds
  5 quokkas
  3 giant newts
  7 rats
59 creatures vanquished.

Vanquished Creatures (others)
  2 dancing weapons (D:3)
2 creatures vanquished.

Grand Total: 61 creatures vanquished

Action                   |  1- 3 |  4- 6 || total
-------------------------+-------+-------++-------
Melee: Dagger            |    69 |    57 ||   126
 Cast: Corona            |     6 |     1 ||     7
       Ensorcelled Hiber |    38 |    16 ||    54
       Confuse           |     3 |     1 ||     4
       Tukima's Dance    |       |     2 ||     2
Invok: Lesser Healing    |       |     1 ||     1
 Abil: Device Recharging |       |     1 ||     1
Evoke: Wand              |     2 |     3 ||     5
 Stab: Sleeping          |    32 |    14 ||    46
  Eat: Chunk             |     8 |     4 ||    12
Armor: Robe              |    15 |    11 ||    26
Dodge: Dodged            |    57 |    43 ||   100

Vault maps used:
D:1:      evilmike_arrival_fibonacci_small
D:2:      good_gods_temple_1, overflow_temple_1_default, lemuel_doored_altar,
          kennysheep_okawaru_gauntlet, minivault_11
D:3:      kennysheep_nub, minmay_statues_item
